cohdb
Replays
Latest Replays
All Replays
Popular Replays
Top Player Replays
Match Explorer
How It Works
Community
CoH3 Stats
Reddit
Sign in to upload your games and track your stats! →
Sign in with Steam
Match 45174809
Unlisted
Match 45174809
Overview
Messages
Build Orders
End
Construct Infanterie Kompanie
Grenadier Squad
Selects Breakthrough Battlegroup
Grenadier Squad
MG 42 Machine Gun Team
Grenadier Squad
Selects Assault Grenadiers
Selects Rapid Production
Infanterie Officer Quarters
Medical Station
GrW 34 Mortar Team
Construct Panzergrenadier Kompanie
Selects Breakthrough
pagep
7k this year for sure
Grottenolm
[PIAP]LauchGo3Panda
0
0
Comments
sign in to comment!
No comments posted yet!